 Dungeon Crawl Stone Soup version 0.20-a0-550-gf70bbbc (webtiles) character file.

37493 HallandMoats the Fighter (level 13, -1/87 HPs)
             Began as a Gargoyle Fighter on Feb 2, 2017.
             Was a High Priest of the Shining One.
             Slain by a white ugly thing (9 damage)
             ... on level 13 of the Dungeon.
             The game lasted 00:22:58 (12209 turns).

HallandMoats the Fighter (Gargoyle Fighter)        Turns: 12209, Time: 00:22:58

Health: -1/87      AC: 19    Str: 24    XL:     13   Next: 97%
Magic:  0/19       EV: 16    Int: 11    God:    the Shining One [*****.]
Gold:   621        SH:  6    Dex: 11    Spells: 12/12 levels left

rFire    . . .     SeeInvis .   a - +0 war axe (elec)
rCold    . . .     Gourm    .   C - +0 troll leather armour
rNeg     + + +     Faith    .   h - +0 buckler
rPois    ∞         Spirit   +   T - +2 helmet "Naynyasei" {rN+ Str+3}
rElec    +         Reflect  .   (no cloak)
rCorr    .         Harm     .   (no gloves)
MR       +....                  (no boots)
Stlth    +.........             R - amulet of guardian spirit
Regen    0.7/turn               L - ring of protection from magic
                                t - +4 ring of slaying

@: glowing
A: negative energy resistance 1, shaggy fur 1, electricity resistance, wild
magic 1, unbreathing, petrification resistance, rot immunity, sturdy frame 1, AC
+9
a: Divine Shield, Cleansing Flame, Summon Divine Warrior, Renounce Religion


You were on level 13 of the Dungeon.
You worshipped the Shining One.
The Shining One was extremely pleased with you.
You were hungry.

You visited 1 branch of the dungeon, and saw 15 of its levels.

You collected 858 gold pieces.
You spent 237 gold pieces at shops.

Inventory:

Hand Weapons
 a - a +0 war axe of electrocution (weapon)
 b - the +6 trident "Jej Iwni" {protect, *Noise Int+2 SInv}
   (You found it on level 5 of the Dungeon)

   It protects the one who uses it against injury (+AC on strike).
   It affects your intelligence (+2).
   It lets you see invisible.
   It may make noises in combat.
 O - a +1 scimitar of flaming
 Q - the +3 trident "Zorasata" {pierce, rPois rN+ Str+3 Stlth-}
   (You found it on level 9 of the Dungeon)

   It inflicts extra damage upon your enemies.
   It affects your strength (+3).
   It protects you from poison.
   It protects you from negative energy.
   It makes you less stealthy.
Armour
 h - a +0 buckler (worn)
 C - a +0 troll leather armour (worn)
 I - the +2 helmet "Koadap" {MR+}
   (You bought it in a shop on level 6 of the Dungeon)

   It affects your resistance to hostile enchantments.
 T - the +2 helmet "Naynyasei" (worn) {rN+ Str+3}
   (You found it on level 12 of the Dungeon)

   It affects your strength (+3).
   It protects you from negative energy.
Jewellery
 p - an uncursed amulet of regeneration
 t - a +4 ring of slaying (left hand)
 K - an uncursed ring of see invisible
 L - a ring of protection from magic (right hand)
 R - an amulet of guardian spirit (around neck)
 S - an uncursed ring of flight
Wands
 d - a wand of digging (9/24)
 D - a wand of digging (9/24)
 E - a wand of paralysis (15/24)
 W - a wand of lightning (5/15)
 Z - a wand of enslavement (15/24)
Scrolls
 j - 2 scrolls of blinking
 k - 12 scrolls of teleportation
 m - 3 scrolls of amnesia {unknown}
 q - 6 scrolls of remove curse
 u - a scroll of noise {unknown}
 v - 5 scrolls of enchant armour {unknown}
 y - 5 scrolls of recharging {unknown}
 A - a scroll of random uselessness {unknown}
 B - 4 scrolls of enchant weapon {unknown}
 F - 7 scrolls of fear {unknown}
 G - 2 scrolls of fog {unknown}
 J - 5 scrolls of identify
 N - 2 scrolls of immolation {unknown}
 V - 2 scrolls of acquirement {unknown}
 X - 2 scrolls of magic mapping {unknown}
 Y - a scroll of silence {unknown}
Potions
 e - 2 potions of ambrosia
 g - 4 potions of haste
 i - 2 potions of flight
 l - 3 potions of lignification
 n - 4 potions of curing
 r - 2 potions of heal wounds
 x - 3 potions of agility
 H - a potion of cancellation {unknown}
 U - 2 potions of brilliance {unknown}
Books
 P - a book of Transfigurations

   Spells                             Type                      Level
   a - Irradiate                      Conjuration/Transmutation    5
   b - Statue Form                    Transmutation/Earth          6
   c - Hydra Form                     Transmutation                6
   d - Dragon Form                    Transmutation                7
Comestibles
 f - 4 bread rations
 s - 4 meat rations
 w - 13 royal jellies
 M - 10 fruits


   Skills:
 * Level 12.8 Fighting
 * Level 10.8 Axes
 + Level 9.8 Armour
 + Level 8.2 Dodging
 * Level 9.7 Shields
 * Level 9.0 Invocations


You had 12 spell levels left.
You didn't know any spells.

Dungeon Overview and Level Annotations

Branches:
Dungeon (15/15)            Temple (0/1) D:6            Lair (0/6) D:11
    Orc (0/2) D:10
 Vaults: D:13-14     Depths: D:15

Altars:
Hepliaklqana
Ru
Uskayaw
The Shining One
Jiyva

Shops:
D:4 *(:   D:6 %(*!:   D:10 (

Annotations:
D:10 exclusion: ice statue


Innate Abilities, Weirdness & Mutations

You are resistant to torment.
Your stone body is resilient. (AC +9)
You are immune to poison.
You resist negative energy. (rN+)
You are resistant to electric shocks. (rElec)
You can survive without breathing.
You are immune to petrification.
You are immune to rotting.
You are covered in fur. (AC +1)
Your spells are a little harder to cast, but a little more powerful.
Your movements are slightly less encumbered by armour. (ER -2)


Message History

The Shining One accepts your kill.
You feel better.
You feel your power returning.
Your Invocations skill increases to level 9!
You are covered in liquid flames!
You are covered in liquid flames!
Things that are here:
a scimitar of flaming; 13 gold pieces A dire elephant comes into view.
You are covered in liquid flames!
The white ugly thing tail-slaps you. The white ugly thing freezes you!!
You slash the white ugly thing!
The white ugly thing is lightly wounded.
You are covered in liquid flames!
The white ugly thing tail-slaps you. The white ugly thing freezes you!!
* * * LOW HITPOINT WARNING * * *
You slice the white ugly thing!!
The white ugly thing is heavily wounded.
You are covered in liquid flames!
The white ugly thing tail-slaps you!
You die...

####### #.....# ######
#.....# #....#
#.....########u...#####
#..>†)@u...Y........†..
#.....########.....####
#.......# #.....##
#.....#.# #......#
#....(#.# ######.#
#..(....##.. #R.#
#.[......... §....
#######.##'''#####
#.§... #..([((.#.....#
#.....


You could see a dire elephant and a white ugly thing.

Vanquished Creatures
  Rupert (D:13)
  Azrael (D:13)
  The ghost of Endobalistic the Warrior, a novice OgFi of Gozag (D:9)
  The ghost of HallandMoats the Fighter, a journeyman GrFi of the Shining One (D:12)
  2 vault guards (D:13)
  3 centaur warriors
  Erica (D:8)
  5 two-headed ogres
  2 tengu warriors (D:14)
  Urug (D:10)
  3 skeletal warriors (D:14)
  A wizard (D:13)
  A necromancer (D:13)
  2 wolf spider zombies (D:14)
  A deep elf mage (D:14)
  A cyclops (D:11)
  An ugly thing (D:11)
  The ghost of donath the Sneak, a novice OpSk of Fedhas (D:6)
  The ghost of CompileTime the Chucker, a novice OgHu (D:4)
  A centaur zombie (D:12)
  A gargoyle (D:11)
  3 centaur skeletons
  Psyche (D:10)
  An efreet (D:14)
  A komodo dragon (D:11)
  3 tengu conjurers (D:14)
  2 trolls
  A hornet (D:9)
  Prince Ribbit (D:7)
  2 slime creatures
  21 yaks
  Eustachio (D:4)
  21 humans (D:13)
  3 fire elementals (D:13)
  5 vampire mosquitoes (D:14)
  A steam dragon (D:11)
  A hungry ghost (D:10)
  2 soldier ants (D:9)
  Edmund (D:5)
  2 hell hounds (D:13)
  An orc warrior (D:6)
  2 phantoms
  An eye of draining (D:11)
  4 ice beasts
  8 sky beasts
  9 ogres
  A necrophage (D:7)
  A tengu (shapeshifter) (D:13)
  6 centaurs
  4 wolves (D:11)
  A crocodile (D:10)
  3 big kobolds
  7 bullfrogs
  A wyvern skeleton (D:8)
  7 scorpions
  9 killer bees
  3 electric eels (D:11)
  6 crimson imps
  4 jellies
  2 gnoll shamans
  5 orc priests
  8 hounds
  4 bullfrog skeletons
  Ijyb (D:2)
  6 orc wizards
  Natasha (thrice) (D:3)
  3 iguanas
  12 worker ants
  Terence (D:2)
  2 hound zombies
  Robin (D:4)
  8 gnolls
  A howler monkey skeleton (D:8)
  14 adders
  4 shadow imps
  3 oozes
  2 worms
  4 dart slugs
  7 leopard geckos
  39 orcs
  2 ball pythons
  3 giant cockroaches
  10 goblins
  9 hobgoblins
  15 jackals
  3 quokkas
  6 bats
  16 frilled lizards
  A giant cockroach zombie (D:6)
  A jackal skeleton (D:6)
  24 kobolds
  8 rats
411 creatures vanquished.

Vanquished Creatures (others)
  A vampire mosquito (D:14)
1 creature vanquished.

Grand Total: 412 creatures vanquished

Notes
Turn   | Place    | Note
-------+----------+-------------------------------------------
     0 | D:1      | HallandMoats the Gargoyle Fighter began the quest for the Orb.
     0 | D:1      | Reached XP level 1. HP: 14/14 MP: 1/1
   151 | D:1      | Reached XP level 2. HP: 16/19 MP: 2/2
   424 | D:1      | Reached XP level 3. HP: 22/24 MP: 3/3
   816 | D:1      | Reached skill level 1 in Dodging
   904 | D:2      | Reached skill level 4 in Fighting
   962 | D:2      | Noticed Terence
   970 | D:2      | Killed Terence
   970 | D:2      | Reached XP level 4. HP: 29/29 MP: 4/4
  1153 | D:2      | Noticed Ijyb
  1166 | D:2      | Killed Ijyb
  1166 | D:2      | Reached XP level 5. HP: 33/33 MP: 5/5
  1760 | D:3      | Noticed Natasha
  1771 | D:3      | Killed Natasha
  2084 | D:3      | Found a sacrificial altar of Ru.
  2103 | D:3      | Noticed Natasha
  2109 | D:3      | Killed Natasha
  2109 | D:3      | Reached XP level 6. HP: 33/40 MP: 6/6
  2216 | D:3      | Noticed Natasha
  2222 | D:3      | Killed Natasha
  2610 | D:4      | Reached skill level 5 in Fighting
  2673 | D:4      | Noticed CompileTime's ghost (novice OgHu)
  2701 | D:4      | Killed CompileTime's ghost
  2701 | D:4      | Reached XP level 7. HP: 23/45 MP: 7/7
  3062 | D:4      | Found a glowing golden altar of the Shining One.
  3068 | D:4      | Became a worshipper of the Shining One
  3146 | D:4      | Noticed Eustachio
  3158 | D:4      | Killed Eustachio
  3158 | D:4      | Reached skill level 6 in Fighting
  3158 | D:4      | Reached skill level 5 in Armour
  3158 | D:4      | Reached XP level 8. HP: 49/51 MP: 8/8
  3204 | D:4      | Found Ymouqy's Book Shop.
  3210 | D:4      | Noticed Robin
  3221 | D:4      | Killed Robin
  3305 | D:4      | Reached skill level 5 in Axes
  3388 | D:4      | Found Agudit's Antique Weapon Shoppe.
  3434 | D:4      | Found Zaewuh's General Store.
  3573 | D:5      | Entered Level 5 of the Dungeon
  3599 | D:5      | Got a polished trident
  3601 | D:5      | Identified the +6 trident "Jej Iwni" {protect, *Noise Int+2 SInv} (You found it on level 5 of the Dungeon)
  3807 | D:5      | Noticed Edmund
  3824 | D:5      | Killed Edmund
  3824 | D:5      | Reached skill level 7 in Fighting
  4093 | D:6      | Found Tozussot's Food Emporium.
  4094 | D:6      | Noticed donath's ghost (novice OpSk)
  4124 | D:6      | Killed donath's ghost
  4124 | D:6      | Reached skill level 5 in Dodging
  4124 | D:6      | Reached XP level 9. HP: 55/57 MP: 9/9
  4154 | D:6      | Found Lies's Weapon Emporium.
  4174 | D:6      | Found a staircase to the Ecumenical Temple.
  4347 | D:6      | Found Resemm's Book Shop.
  4366 | D:6      | Found Lyafoc's Distillery.
  4421 | D:6      | Found a hazy altar of Hepliaklqana.
  4421 | D:6      | Found a hide-covered altar of Uskayaw.
  4458 | D:6      | Found Hyicsid's Assorted Antiques.
  4466 | D:6      | Bought a shimmering helmet for 237 gold pieces
  4476 | D:6      | Identified the +2 helmet "Koadap" {MR+} (You bought it in a shop on level 6 of the Dungeon)
  4478 | D:6      | Reached * piety under the Shining One
  4931 | D:7      | Reached skill level 8 in Fighting
  5389 | D:7      | Noticed Prince Ribbit
  5533 | D:7      | Killed Prince Ribbit
  5533 | D:7      | Reached XP level 10. HP: 65/65 MP: 10/10
  5578 | D:7      | Reached skill level 9 in Fighting
  5747 | D:8      | Noticed Erica
  5767 | D:8      | Killed Erica
  5843 | D:8      | Noticed a two-headed ogre
  5854 | D:8      | Killed a two-headed ogre
  6423 | D:8      | Reached ** piety under the Shining One
  6580 | D:8      | Reached skill level 1 in Invocations
  7042 | D:9      | Reached skill level 10 in Fighting
  7063 | D:9      | Reached XP level 11. HP: 72/72 MP: 12/12
  7178 | D:9      | Got a crystal trident
  7179 | D:9      | Identified the +3 trident "Zorasata" {pierce, rPois rN+ Str+3 Stlth-} (You found it on level 9 of the Dungeon)
  7182 | D:9      | Noticed a two-headed ogre
  7190 | D:9      | Killed a two-headed ogre
  7357 | D:9      | Noticed Endobalistic's ghost (novice OgFi)
  7381 | D:9      | Killed Endobalistic's ghost
  7381 | D:9      | Reached skill level 5 in Shields
  7445 | D:9      | Noticed a two-headed ogre
  7451 | D:9      | Killed a two-headed ogre
  7608 | D:10     | Entered Level 10 of the Dungeon
  7608 | D:10     | Noticed Psyche
  7614 | D:10     | Killed Psyche
  7708 | D:10     | Found a staircase to the Orcish Mines.
  7922 | D:10     | Noticed Urug
  7936 | D:10     | Killed Urug
  8098 | D:10     | Found Lirphy's Weapon Shop.
  9036 | D:11     | Reached *** piety under the Shining One
  9047 | D:11     | Noticed a cyan ugly thing
  9073 | D:11     | Reached skill level 5 in Invocations
  9076 | D:11     | Reached skill level 11 in Fighting
  9083 | D:11     | Noticed a cyclops
  9091 | D:11     | Killed a cyan ugly thing
  9103 | D:11     | Reached XP level 12. HP: 34/80 MP: 15/15
  9443 | D:11     | Found a staircase to the Lair.
  9462 | D:11     | Noticed a two-headed ogre
  9478 | D:11     | Killed a two-headed ogre
  9883 | D:11     | Gained mutation: You are robust. (+10% HP) [potion of mutation]
  9883 | D:11     | Gained mutation: Your body sometimes deteriorates upon taking damage. [potion of mutation]
  9883 | D:11     | Gained mutation: Your spells are a little harder to cast, but a little more powerful. [potion of mutation]
  9884 | D:11     | Gained mutation: Your movements are slightly less encumbered by armour. (ER -2) [potion of mutation]
  9913 | D:12     | Lost mutation: You are robust. (+10% HP) [mutagenic meat]
  9914 | D:12     | Gained mutation: You are resistant to hostile enchantments. (MR+) [mutagenic meat]
  9917 | D:12     | Gained mutation: You have an increased reservoir of magic. (+10% MP) [mutagenic meat]
 10117 | D:12     | Got a transparent helmet
 10128 | D:12     | Identified the +2 helmet "Naynyasei" {rN+ Str+3} (You found it on level 12 of the Dungeon)
 10419 | D:12     | Noticed HallandMoats's ghost (journeyman GrFi)
 10485 | D:12     | Killed HallandMoats's ghost
 10757 | D:13     | Noticed a centaur warrior
 10775 | D:13     | Killed a centaur warrior
 10892 | D:13     | Noticed Rupert
 10916 | D:13     | Killed Rupert
 10916 | D:13     | Reached skill level 10 in Axes
 10934 | D:13     | Reached XP level 13. HP: 68/85 MP: 15/20
 10950 | D:13     | Reached skill level 12 in Fighting
 10967 | D:13     | Gained mutation: Your muscles are strong. (Str +2) [potion of mutation]
 10967 | D:13     | Gained mutation: You are covered in fur. (AC +1) [potion of mutation]
 10973 | D:13     | Gained mutation: Scrolls take you a little longer to read. [mutagenic meat]
 10974 | D:13     | Lost mutation: Your body sometimes deteriorates upon taking damage. [mutagenic meat]
 10989 | D:13     | Lost mutation: Scrolls take you a little longer to read. [potion of cure mutation]
 10989 | D:13     | Lost mutation: Your muscles are strong. (Str +2) [potion of cure mutation]
 10989 | D:13     | Lost mutation: You are resistant to hostile enchantments. (MR+) [potion of cure mutation]
 10989 | D:13     | Lost mutation: You have an increased reservoir of magic. (+10% MP) [potion of cure mutation]
 11022 | D:13     | Reached **** piety under the Shining One
 11048 | D:13     | Noticed a vault guard
 11059 | D:13     | Killed a vault guard
 11089 | D:13     | Noticed a vault guard
 11112 | D:13     | Killed a vault guard
 11231 | D:13     | Noticed Azrael
 11285 | D:15     | Entered Level 15 of the Dungeon
 11696 | D:14     | Reached ***** piety under the Shining One
 12002 | D:14     | Found a viscous altar of Jiyva.
 12205 | D:13     | Killed Azrael
 12207 | D:13     | Noticed a dire elephant
 12209 | D:13     | Slain by a white ugly thing

Vault maps used:
D:1:      minmay_arrival_split_and_join, minmay_lizard_king
D:2:      kb_forest_paths, grunt_ministairs_14, uniq_iyjb, uniq_terence
D:3:      nicolae_overflow_crystal_walls, uniq_natasha
D:4:      serial_shops, nicolae_shop_behind_doors, shop_statue,
          kennysheep_mini_moat, first_bread, minmay_misc_feat_square,
          roderic_nine_men_s_morris, nicolae_tso_carved_into_rock,
          uniq_eustachio, uniq_robin
D:5:      st_stairs_1, uniq_edmund
D:6:      gammafunk_temple_overflow_wave, minmay_temple_entry_statues,
          serial_shops, shop, shop, kennysheep_mini, shop, shop_fountains
D:7:      uniq_prince_ribbit1
D:8:      uniq_erica
D:9:      hangedman_pestilent_swarm
D:10:     minmay_statue_hallways, serial_shops, nicolae_shop_behind_doors,
          uniq_psyche, uniq_urug
D:11:     erik_lair_island
D:13:     grunt_vaults_entry_tiered, minivault_13, uniq_azrael, uniq_rupert,
          uniq_frances
D:14:     hangedman_decor_lopped, jiyva_altar_1
D:15:     grunt_enter_depths_magical_seal, minmay_misc_feat_iff,
          corexii_leaking_fountain, aerie_lemuel

Skill      XL: |  1  2  3  4  5  6  7  8  9 10 11 12 13 |
---------------+----------------------------------------+-----
Axes           | 2 3 4 6 8 9 10 | 10.8
Dodging        | 1 2 3 5 6 7 8 |  8.2
Fighting       | 4 5 6 7 8 10 11 12 | 12.8
Armour         | 4 5 6 7 8 9 |  9.8
Invocations    | 2 5 7 9 |  9.0
Shields        | 4 6 8 9 |  9.7

Action                   |  1- 3 |  4- 6 |  7- 9 | 10-12 | 13-15 || total
-------------------------+-------+-------+-------+-------+-------++-------
Melee: War axe           |    14 |       |       |       |    87 ||   101
       Hand axe          |    84 |   201 |    51 |       |       ||   336
       Trident           |       |       |   179 |   677 |   207 ||  1063
Invok: Divine Shield     |       |       |       |     2 |     1 ||     3
Evoke: Wand              |       |       |       |     1 |     1 ||     2
  Use: Scroll            |       |       |     5 |    10 |     2 ||    17
       Potion            |       |       |       |     6 |     4 ||    10
  Eat: Chunk             |       |     6 |     7 |    27 |     8 ||    48
       Fruit             |       |       |     3 |       |       ||     3
Armor: Scale mail        |    56 |    92 |   120 |   287 |       ||   555
       Troll leather arm |       |       |       |    45 |   137 ||   182
Dodge: Dodged            |    30 |    44 |   101 |   302 |   162 ||   639
Block: Shield            |    59 |   105 |   119 |   344 |   157 ||   784
       Buckler           |       |       |       |       |    30 ||    30
